 Dungeon Crawl Stone Soup version 0.21.1-1-g345015f (webtiles) character file.

18728 kae the Bludgeoner (level 12, -5/107 HPs)
             Began as a Minotaur Fighter on June 15, 2018.
             Was a High Priest of Okawaru.
             Slain by an orc
             ... wielding a +0 hand axe
              (7 damage)
             ... on level 10 of the Dungeon.
             The game lasted 00:11:59 (10480 turns).

kae the Bludgeoner (Minotaur Fighter)              Turns: 10480, Time: 00:12:00

Health: -5/107     AC: 15    Str: 28    XL:     12   Next: 30%
Magic:  15/16      EV: 14    Int:  6    God:    Okawaru [*****.]
Gold:   555        SH: 12    Dex: 11    Spells: 11/11 levels left

rFire    . . .     SeeInvis .   h - +3 whip (freeze)
rCold    . . .     Gourm    .   c - +0 shield
rNeg     . . .     Faith    .   b - +1 scale mail
rPois    .         Spirit   .   (helmet restricted)
rElec    .         Reflect  .   (no cloak)
rCorr    .         Harm     .   n - +1 pair of gloves
MR       .....                  y - +0 pair of boots
Stlth    +.........             (no amulet)
HPRegen  0.27/turn              i - +4 ring of strength
MPRegen  0.15/turn              (no ring)

@: heroism, drained
A: retaliatory headbutt, horns 2
a: Heroism, Finesse, Renounce Religion


You were on level 10 of the Dungeon.
You worshipped Okawaru.
Okawaru was extremely pleased with you.
You were not hungry.

You visited 2 branches of the dungeon, and saw 11 of its levels.
You also visited: Bailey.

You collected 555 gold pieces.

Inventory:

Hand Weapons
 a - a +1 flail
 h - a +3 whip of freezing (weapon)
 A - the +7 spear "Nelly" {drain, *Noise rC+ rN+}
   (You found it on level 9 of the Dungeon)

   A truly terrible weapon, it drains the life of those it strikes.
   It protects you from cold.
   It protects you from negative energy.
   It may make noises in combat.
Missiles
 t - a throwing net (quivered)
Armour
 b - a +1 scale mail (worn)
 c - a +0 shield (worn)
 n - a +1 pair of gloves (worn)
 y - a +0 pair of boots (worn)
Jewellery
 i - a +4 ring of strength (left hand)
 F - an uncursed ring of positive energy {unknown}
 I - an uncursed ring of wizardry {unknown}
 J - an uncursed ring of stealth {unknown}
Wands
 o - a wand of paralysis (13)
 r - a wand of random effects (55)
 B - a wand of disintegration (14)
 K - a wand of scattershot (4)
Scrolls
 l - 4 scrolls of teleportation
 q - 4 scrolls of enchant weapon
 s - a scroll of fog
 u - 3 scrolls of remove curse
 v - a scroll of amnesia
 x - 4 scrolls of enchant armour
 D - 2 scrolls of identify
 E - 3 scrolls of fear
Potions
 d - 6 potions of might
 e - 2 potions of berserk rage
 g - 2 potions of lignification
 j - 8 potions of curing
 k - 4 potions of degeneration
 m - a potion of magic
 p - 2 potions of resistance
 w - 2 potions of agility
 z - 3 potions of brilliance
 C - a potion of invisibility
 G - a potion of haste {unknown}
 H - a potion of mutation {unknown}
Comestibles
 f - 19 rations


   Skills:
 + Level 10.5(14.8) Fighting
 * Level 15.3(19.5) Maces & Flails
 + Level 10.5(14.8) Armour
 - Level 7.0(11.3) Dodging
 - Level 3.6(8.0) Shields
 + Level 7.5(6.9) Invocations


You had 11 spell levels left.
You didn't know any spells.

Dungeon Overview and Level Annotations

Branches:
Dungeon (10/15)            Temple (1/1) D:4             Orc (0/2) D:9
   Lair: D:8-11

Altars:
Ashenzari
Cheibriados
Dithmenos
Elyvilon
Fedhas
Gozag
Hepliaklqana
Kikubaaqudgha
Makhleb
Nemelex Xobeh
Okawaru
Qazlal
Ru
Sif Muna
Trog
Uskayaw
Vehumet
Wu Jian
Xom
Yredelemnul
Zin
The Shining One
Lugonu


Innate Abilities, Weirdness & Mutations

You reflexively headbutt those who attack you in melee.
You have a pair of horns on your head.


Message History

You kill the orc priest!
Okawaru accepts your kill.
You whack the two-headed ogre! You freeze the two-headed ogre.
You headbutt the two-headed ogre.
The two-headed ogre is lightly wounded.
You block the orc's attack.
You whack the two-headed ogre! You freeze the two-headed ogre.
You headbutt the two-headed ogre.
The two-headed ogre is severely wounded.
The two-headed ogre hits you with a giant club!!
* * * LOW HITPOINT WARNING * * *
The two-headed ogre hits you with a giant club.
* * * LOW HITPOINT WARNING * * *
The orc priest invokes the aid of Beogh against you.
Beogh smites you!
* * * LOW HITPOINT WARNING * * *
You hit the two-headed ogre but do no damage.
The two-headed ogre is severely wounded.
The orc hits you with a hand axe!
You die...

# #.........# #
#.........# #
#.....?...# . #
#.........# .. #
#..†.....<# ... #
#.........# ....
#......(..####{.# #####
#.........#).oo# ....#
#....$...†@O#
###.###...###..#o##
#.......# ##.#.#
#####.#.# #...#####
######..#)# #.#.....##
.......##)####........#
##...[.).)...#.........
.......................
..........###........PP


You could see a two-headed ogre, an orc warrior, an orc priest and an orc.

Vanquished Creatures
  A hydra (D:9)
  2 two-headed ogres
  Erica (D:8)
  The ghost of toffzen the Transmogrifier, a novice GnWn of Hepliaklqana (D:8)
  2 orc knights (Bailey)
  A komodo dragon (D:10)
  5 trolls
  Sigmund (D:2)
  A wyvern (D:7)
  A spriggan (D:7)
  8 yaks
  Eustachio (D:5)
  A hungry ghost (D:6)
  A warg (D:9)
  Edmund (D:6)
  3 water moccasins
  A black bear (D:7)
  17 orc warriors
  4 sky beasts
  2 phantoms
  The ghost of Abmis123 the Skirmisher, an amateur HOAK of Lugonu (D:4)
  6 ogres
  3 ice beasts
  A necrophage (D:9)
  A centaur (D:5)
  Blork the orc (D:4)
  A big kobold (D:9)
  A bullfrog (D:7)
  3 scorpions
  The ghost of Supahsalami the Skirmisher, a weakling DsAK of Lugonu (D:3)
  4 jellies
  4 wights (D:9)
  5 crimson imps
  A quasit (D:9)
  9 orc priests
  6 orc wizards
  3 hounds
  2 bullfrog skeletons (D:7)
  A gnoll shaman (D:10)
  5 worker ants
  Ijyb (D:5)
  3 iguanas
  A hound zombie (D:5)
  2 howler monkey skeletons (D:8)
  11 adders
  8 gnolls
  An adder zombie (D:9)
  3 worms
  A dart slug (D:1)
  4 leopard geckos
  68 orcs
  7 bats
  4 giant cockroaches
  7 goblins
  15 hobgoblins
  8 jackals
  14 kobolds
  6 quokkas
  A ball python (D:1)
  4 frilled lizards
  A quokka skeleton (D:4)
  9 rats
293 creatures vanquished.

Vanquished Creatures (others)
  5 fungi (D:10)
  2 plants (D:10)
7 creatures vanquished.

Grand Total: 300 creatures vanquished

Notes
Turn   | Place    | Note
-------+----------+-------------------------------------------
     0 | D:1      | kae the Minotaur Fighter began the quest for the Orb.
     0 | D:1      | Reached XP level 1. HP: 19/19 MP: 0/0
   128 | D:1      | Reached XP level 2. HP: 22/27 MP: 1/1
   141 | D:1      | Reached skill level 3 in Maces & Flails
   562 | D:1      | You fall through a shaft!
   904 | D:2      | Reached XP level 3. HP: 33/33 MP: 2/2
  1413 | D:2      | Found a deep blue altar of Sif Muna.
  1511 | D:2      | Found a radiant altar of Vehumet.
  1512 | D:2      | Noticed Sigmund
  1522 | D:2      | Killed Sigmund
  1522 | D:2      | Reached skill level 5 in Maces & Flails
  1522 | D:2      | Reached XP level 4. HP: 32/41 MP: 3/3
  1522 | D:2      | Reached XP level 5. HP: 36/47 MP: 4/4
  1966 | D:3      | Reached skill level 5 in Armour
  2015 | D:3      | Reached skill level 5 in Fighting
  2090 | D:3      | Noticed Supahsalami's ghost (weakling DsAK)
  2110 | D:3      | Killed Supahsalami's ghost
  2110 | D:3      | Reached XP level 6. HP: 30/56 MP: 5/5
  2728 | D:3      | Found a shimmering altar of Xom.
  2730 | D:3      | Found a sparkling altar of Nemelex Xobeh.
  2730 | D:3      | Found an opulent altar of Gozag.
  2732 | D:3      | Found a hide-covered altar of Uskayaw.
  2732 | D:3      | Found an ancient bone altar of Kikubaaqudgha.
  2732 | D:3      | Found a shimmering altar of Xom.
  2910 | D:4      | Noticed Abmis123's ghost (amateur HOAK)
  2930 | D:4      | Killed Abmis123's ghost
  2930 | D:4      | Reached skill level 6 in Maces & Flails
  3087 | D:4      | Found a staircase to the Ecumenical Temple.
  3121 | Temple   | Entered the Ecumenical Temple
  3161 | Temple   | Became a worshipper of Warmaster Okawaru
  3351 | D:4      | Noticed Blork the orc
  3361 | D:4      | Killed Blork the orc
  3361 | D:4      | Reached skill level 1 in Invocations
  3361 | D:4      | Reached XP level 7. HP: 58/62 MP: 6/6
  3401 | D:5      | Entered Level 5 of the Dungeon
  3413 | D:5      | Noticed Eustachio
  3430 | D:5      | Killed Eustachio
  3430 | D:5      | Reached skill level 7 in Maces & Flails
  3495 | D:5      | Reached * piety under Okawaru
  3770 | D:5      | Reached XP level 8. HP: 71/71 MP: 8/8
  3795 | D:5      | Reached skill level 8 in Maces & Flails
  3990 | D:5      | Noticed Ijyb
  3998 | D:5      | Killed Ijyb
  4260 | D:6      | Noticed Edmund
  4290 | D:6      | Killed Edmund
  4473 | D:6      | Found a glowing golden altar of the Shining One.
  4870 | D:6      | Reached skill level 9 in Maces & Flails
  4880 | D:6      | Reached ** piety under Okawaru
  5412 | D:6      | Reached XP level 9. HP: 79/79 MP: 7/10
  5693 | D:7      | Reached skill level 10 in Maces & Flails
  6232 | D:7      | Found a shadowy altar of Dithmenos.
  6344 | D:7      | Reached *** piety under Okawaru
  6574 | D:7      | Reached skill level 5 in Invocations
  6654 | D:8      | Found a stormy altar of Qazlal.
  6766 | D:8      | Reached skill level 11 in Maces & Flails
  6979 | D:8      | Noticed Erica
  6989 | D:8      | Killed Erica
  6989 | D:8      | Reached **** piety under Okawaru
  6989 | D:8      | Reached XP level 10. HP: 90/90 MP: 9/13
  7022 | D:8      | Noticed toffzen's ghost (novice GnWn)
  7071 | D:8      | Killed toffzen's ghost
  7315 | D:8      | Found a burning altar of Makhleb.
  7316 | D:8      | Found a snail-covered altar of Cheibriados.
  7316 | D:8      | Found a glowing silver altar of Zin.
  7318 | D:8      | Found a hazy altar of Hepliaklqana.
  7327 | D:8      | Found a hide-covered altar of Uskayaw.
  7427 | D:9      | Found a flagged portal.
  7462 | D:9      | Reached skill level 12 in Maces & Flails
  7515 | D:9      | Got a slimy spear
  7535 | D:9      | Identified the +7 spear "Nelly" {drain, *Noise rC+ rN+} (You found it on level 9 of the Dungeon)
  7540 | Bailey   | Entered a bailey
  7854 | Bailey   | Reached skill level 14 in Maces & Flails
  7854 | Bailey   | Reached XP level 11. HP: 97/97 MP: 14/14
  8038 | Bailey   | Noticed an orc knight
  8054 | Bailey   | Killed an orc knight
  8212 | Bailey   | Noticed an orc knight
  8236 | Bailey   | Killed an orc knight
  8236 | Bailey   | Reached ***** piety under Okawaru
  8544 | D:9      | Found a staircase to the Orcish Mines.
  8901 | D:9      | Found a shattered altar of Ashenzari.
  8902 | D:9      | Found a blossoming altar of Fedhas.
  9011 | D:9      | Noticed a two-headed ogre
  9016 | D:9      | Received a gift from Okawaru
  9028 | D:9      | Killed a two-headed ogre
  9028 | D:9      | Reached skill level 10 in Fighting
  9028 | D:9      | Reached skill level 10 in Armour
  9504 | D:9      | Found a sacrificial altar of Ru.
  9649 | D:9      | Noticed a five-headed hydra
  9662 | D:9      | Killed a five-headed hydra
  9662 | D:9      | Reached XP level 12. HP: 33/106 MP: 13/16
 10053 | D:9      | Reached skill level 15 in Maces & Flails
 10250 | D:10     | Entered Level 10 of the Dungeon
 10379 | D:10     | Noticed a two-headed ogre
 10414 | D:10     | Killed a two-headed ogre
 10458 | D:10     | Noticed a two-headed ogre
 10479 | D:10     | HP: 2/107 [orc priest/divine providence (11)]
 10480 | D:10     | Slain by an orc

Skill      XL: |  1  2  3  4  5  6  7  8  9 10 11 12 |
---------------+-------------------------------------+-----
Maces & Flails | 3 5 6 7 9 11 14 15 | 15.3
Fighting       | 4 5 6 7 8 9 10 | 10.5
Armour         | 4 5 6 7 8 9 10 | 10.5
Invocations    | 1 2 3 5 6 7 |  7.5
Dodging        | 7 |  7.0
Shields        | |  3.6

Action                   |  1- 3 |  4- 6 |  7- 9 | 10-12 || total
-------------------------+-------+-------+-------+-------++-------
Melee: Flail             |    82 |       |       |       ||    82
       Headbutt          |    17 |    21 |    72 |   140 ||   250
       Whip              |    14 |   115 |   367 |   526 ||  1022
Invok: Heroism           |       |       |     5 |    11 ||    16
Evoke: Wand              |       |       |     1 |       ||     1
  Use: Scroll            |     7 |     5 |     8 |     6 ||    26
       Potion            |       |       |       |     4 ||     4
  Eat: Chunk             |     1 |     7 |    12 |     8 ||    28
       Ration            |       |       |       |     1 ||     1
Armor: Scale mail        |    36 |    23 |    79 |   117 ||   255
Dodge: Dodged            |    32 |    10 |    58 |   165 ||   265
Block: Shield            |    52 |    36 |   111 |   225 ||   424
